AoeStats
← TK Sandman

Arena

504010334Analyzed
1v1 RM · 2mo ago on Sep 3, 2026· 19m 46s· 2 players
Game mode
Random Map
Map size
Tiny (2 player)
Population
200
Speed
Normal
Resources
Standard
Victory
Conquest
Starting age
Dark Age
Ending age
Imperial Age
RankedLock teamsTeams togetherTeam positionsShared explorationLock speedFull tech treeHidden civsTurbo modeCheats
Victory
Defeat
🇹🇷 Koreans · Türkiye
1059
+14
vs
🇬🇧 Turks · United Kingdom
1017
-14
TK Sandman
10:09 Feudal Age
14:45 Castle Age
12:47 Double-Bit Axe
14:59 Loom
16:58 Bow Saw
17:25 Fletching
19:36 Gold Mining
OhImAHarry
12:18 Feudal Age
13:59 Double-Bit Axe
16:23 Castle Age
21:19 Imperial Age
Connection lost

Rejoining the realm…

Still unreachable

The connection could not be restored.

Session expired

The server has moved on; the page needs a fresh start.